 Dungeon Crawl Stone Soup version 0.27-a0-488-g88baaf19db (webtiles) character file.

Game seed: 9379885252611120908

1276 tilp the Insei (level 8, -2/56 HPs)
             Began as an Octopode Transmuter on Feb 28, 2021.
             Was an Initiate of Okawaru.
             Killed by divine providence
             ... invoked by an orc priest
              (12 damage)
             ... on level 7 of the Dungeon on Mar 1, 2021.
             The game lasted 00:12:43 (12066 turns).

tilp the Insei (Octopode Transmuter)               Turns: 12066, Time: 00:12:44

Health: -2/56      AC:  1    Str:  9    XL:     8   Next: 54%
Magic:  11/11      EV: 14    Int: 17    God:    Okawaru [......]
Gold:   361        SH:  7    Dex: 13    Spells: 5/11 levels left

rFire    . . .     SeeInvis .     - Unarmed
rCold    . . .     Faith    .   y - +3 buckler
rNeg     . . .     Spirit   .   (helmet restricted)
rPois    .         Reflect  .   (no amulet)
rElec    .         Harm     .   (no ring)
rCorr    .         Rampage  .   (no ring)
Will     .....                  (no ring)
Stlth    +++.......             (no ring)
HPRegen  0.18/turn              (no ring)
MPRegen  0.12/turn              (no ring)
                                (no ring)
                                (no ring)

@: no status effects
A: almost no armour, stealthy swim, amphibious, 8 rings, constrict 8, camouflage
1, gelatinous body 1
a: Renounce Religion


You were on level 7 of the Dungeon.
You worshipped Okawaru.
Okawaru was noncommittal.
You visited 2 branches of the dungeon, and saw 9 of its levels.

You collected 451 gold pieces.
You spent 90 gold pieces at shops.

Inventory:

Missiles
 a - 16 boomerangs
 m - 28 poisoned darts (quivered)
 r - 6 javelins
 A - 2 curare-tipped darts
Armour
 y - a +3 buckler (worn)
Jewellery
 D - an amulet of magic regeneration
Wands
 n - a wand of digging (11)
 z - a wand of paralysis (11)
 C - a wand of flame (20)
Scrolls
 b - a scroll of amnesia
 c - 2 scrolls of fog
 d - 4 scrolls of teleportation
 f - a scroll of random uselessness {unknown}
 i - a scroll of fear
 o - a scroll of immolation {unknown}
 t - a scroll of blinking {unknown}
 u - a scroll of identify
 x - a scroll of acquirement {unknown}
Potions
 e - a potion of brilliance
 g - 4 potions of magic
 h - a potion of resistance
 j - 3 potions of curing
 k - a potion of mutation
 l - 2 potions of attraction
 p - 2 potions of lignification
 q - 2 potions of degeneration {unknown}
 s - 3 potions of heal wounds
 v - a potion of might {unknown}
 w - a potion of cancellation {unknown}
 B - a potion of flight {unknown}


   Skills:
 + Level 5.5 Fighting
 + Level 4.2 Dodging
 - Level 4.0 Stealth
 - Level 2.0 Shields
 + Level 7.1 Unarmed Combat
 - Level 2.0 Spellcasting
 - Level 2.0 Transmutations


You had 5 spell levels left.
You knew the following spells:

 Your Spells              Type           Power        Failure   Level
a - Beastly Appendage     Tmut           16%          11%         1
b - Wereblood             Tmut           8%           16%         2
c - Spider Form           Tmut/Pois      2%           43%         3

Your spell library contained the following spells:

 Spells                   Type           Power        Failure   Level
 Ice Form                 Ice/Tmut       5%           85%         4
 Blade Hands              Tmut           4%           96%         5


Dungeon Overview and Level Annotations

Branches:
Dungeon (8/15)             Temple (1/1) D:7
   Lair: D:8-11

Altars:
Ashenzari
Cheibriados
Dithmenos
Elyvilon
Fedhas
Gozag
Hepliaklqana
Kikubaaqudgha
Makhleb
Nemelex Xobeh
Okawaru
Qazlal
Ru
Sif Muna
Trog
Uskayaw
Vehumet
Wu Jian
Yredelemnul
Zin
The Shining One

Shops:
D:6 (([

Annotations:
D:4 exclusion: 2 phantoms
D:6 exclusions: centaur and ice beast, Edmund
D:8 Joseph


Innate Abilities, Weirdness & Mutations

You cannot wear most types of armour.
You are very stealthy in the water. (Stealth+)
You are amphibious.
You can wear up to eight rings at the same time.
You can use your tentacles to constrict eight enemies at once.
Your skin changes colour to match your surroundings (Stealth+).
Your rubbery body absorbs attacks. (AC +1, EV +1)


Message History

2 orcs, an orc warrior, an orc priest and an orc wizard come into view.
The orc priest is wielding a +1 mace of protection.
Your transformation is almost over.
The orc shouts!
The orc priest shouts!
The orc warrior shouts!
The orc shouts!
You hear a howl!
The orc throws a boomerang.
The boomerang misses you.
Found four items.
There is a stone staircase leading up here.
The orc warrior hits you with a +0 war axe!
The orc priest hits you with a +1 mace of protection!
The orc wizard shouts!
You climb upwards.
There is a stone staircase leading down here.
Unknown command.
You tentacle-slap the orc warrior. Your grab misses the orc warrior.
You pierce the orc warrior.
The orc warrior is lightly wounded.
The orc warrior hits you with a +0 war axe!
You completely miss the orc warrior. Your grab misses the orc warrior.
Your tentacle spike misses the orc warrior.
The orc warrior is lightly wounded.
The orc priest misses you.
Unknown command.
The orc priest closely misses you.
Aiming: Paralyse
Press: ? - help, Shift-Dir - straight line, f - orc warrior
Aim: an orc warrior, wielding a +0 war axe and wearing a +0 plate armour (lightly wounded, chance to affect: 46%)
The orc warrior suddenly stops moving!
The orc priest mumbles some strange prayers to Beogh against you.
Beogh smites you!
* * * LOW HITPOINT WARNING * * *
The helpless orc warrior fails to defend itself.
You tentacle-slap the orc warrior but do no damage.
You grab the orc warrior. You squeeze the orc warrior!
The orc warrior is heavily wounded.
Your tentacle spike disappears.
You constrict the orc warrior, but do no damage.
The orc priest mumbles some strange prayers to Beogh against you.
Beogh smites you!
You die...

###.# #.# #.# #
#.####### ### #
#.##....######.#
###.##.#.......#.#
'...............o#
#...#..#....[#.#o#
##..#.##...#.#.#@#
##..#......#.#.#.#######
##..###..#.#.#.#.......#
....#......#)#.#######.#
....#.#....)<#.# #.#
....#.....##)#.# #.#
..#.####.....#.#######.#
.♣##.....#####.........#
♣♣ ####......###########


You could see an orc warrior (paralysed) and an orc priest.

Vanquished Creatures
  A sky beast (D:7)
  2 ogres
  2 bullfrogs (D:6)
  2 scorpions
  3 wights (D:7)
  A bullfrog zombie (D:7)
  A bullfrog skeleton (D:5)
  A jelly (D:7)
  2 centaur skeletons
  A hound (D:7)
  2 iguanas
  An orc wizard (D:6)
  2 worker ants
  A hound zombie (D:3)
  A hound skeleton (D:4)
  2 howler monkey zombies
  8 gnolls
  A howler monkey skeleton (D:3)
  8 adders
  2 white imps
  An ooze (D:2)
  5 worms
  4 dart slugs
  3 leopard geckos
  19 orcs
  5 giant cockroaches
  4 goblins (D:1)
  7 hobgoblins
  3 jackals (D:7)
  3 kobolds
  6 quokkas
  4 ball pythons
  6 bats
  8 frilled lizards
  A giant cockroach zombie (D:3)
  5 rats
128 creatures vanquished.

Vanquished Creatures (others)
  A withered plant (D:3)
1 creature vanquished.

Grand Total: 129 creatures vanquished

Notes
Turn   | Place    | Note
-------+----------+-------------------------------------------
     0 | D:1      | tilp the Octopode Transmuter began the quest for the Orb.
     0 | D:1      | Reached XP level 1. HP: 13/13 MP: 3/3
    55 | D:1      | Reached skill level 1 in Stealth
   214 | D:1      | Reached XP level 2. HP: 18/18 MP: 5/5
   217 | D:1      | Learned a level 2 spell: Wereblood
   902 | D:2      | Reached XP level 3. HP: 23/23 MP: 6/6
   906 | D:2      | Learned a level 3 spell: Spider Form
  1172 | D:2      | Found a faded altar of an unknown god.
  1567 | D:2      | Reached XP level 4. HP: 15/29 MP: 7/7
  2788 | D:3      | Reached XP level 5. HP: 24/35 MP: 2/8
  2909 | D:3      | Reached skill level 4 in Unarmed Combat
  2991 | D:3      | Found a white marble altar of Elyvilon.
  4490 | D:4      | Reached XP level 6. HP: 27/42 MP: 9/9
  5364 | D:4      | Found a glowing golden altar of the Shining One.
  5370 | D:4      | Found a sparkling altar of Nemelex Xobeh.
  5737 | D:4      | Reached skill level 5 in Unarmed Combat
  6087 | D:4      | You fall into a shaft and drop 2 floors!
  6188 | D:6      | Found a burning altar of Makhleb.
  6276 | D:5      | Entered Level 5 of the Dungeon
  6692 | D:5      | Reached XP level 7. HP: 9/48 MP: 10/10
  6951 | D:5      | Reached skill level 6 in Unarmed Combat
  7885 | D:6      | Found Nuquwk's Weapon Shoppe.
  7904 | D:6      | Found Cauditt's Weapon Boutique.
  7933 | D:6      | Noticed Edmund
  8189 | D:6      | Upgraded the game from 0.27-a0-460-g297a19dbdb to
                  | 0.27-a0-488-g88baaf19db
  8369 | D:6      | Found a stormy altar of Qazlal.
  8427 | D:6      | Found Fyehics's Antique Armour Boutique.
  8450 | D:6      | Bought a buckler for 90 gold pieces
  9981 | D:7      | Reached skill level 1 in Shields
  9981 | D:7      | Reached XP level 8. HP: 29/54 MP: 9/11
 10161 | D:7      | Found a staircase to the Ecumenical Temple.
 10190 | Temple   | Entered the Ecumenical Temple
 10355 | Temple   | Became a worshipper of Warmaster Okawaru
 10756 | D:7      | Reached skill level 5 in Fighting
 10971 | D:7      | Found a white marble altar of Elyvilon.
 11020 | D:7      | Reached skill level 7 in Unarmed Combat
 11611 | D:8      | Noticed Joseph
 12066 | D:7      | Killed from afar by an orc priest

Illustrated notes

Levels and vault maps discovered:
D:1:      minmay_arrival_split_and_join, layout_rooms
D:2:      layout_basic, chequers_ecumenical_altar_simple, minmay_circle_x
D:3:      layout_basic, lemuel_coloured_pillars_altar, serial_undead,
          serial_undead_d, serial_undead_e, serial_undead_b, serial_undead_b,
          serial_undead_a, serial_undead_b, hex_intersection,
          serial_park_tiny_2, grunt_ministairs_12,
          minmay_misc_feat_four_crosses, minivault_27, kennysheep_generic_room_5
D:4:      layout_basic, minitemple, grunt_ministairs_15, minmay_door_square
D:5:      layout_basic
D:6:      layout_loops_corners, nicolae_overflow_hidden_temple, kennysheep_mini,
          serial_shops, shop, nicolae_shop_crystal, shop, uniq_edmund
D:7:      layout_basic, minmay_temple_entry_nine_rooms, elyvilon_altar_3
D:8:      layout_rooms, gammafunk_ghost_split, uniq_joseph
Temple:   nicolae_temple_elliptical

Skill      XL: |  1  2  3  4  5  6  7  8 |
---------------+-------------------------+-----
Stealth        | 2 3 4 |  4.0
Fighting       | 2 3 4 5 |  5.5
Unarmed Combat | 4 5 6 7 |  7.1
Dodging        | 3 4 |  4.2
Shields        | 1 2 |  2.0
Spellcasting   | |  2.0
Transmutations | |  2.0

Action                   |  1- 3 |  4- 6 |  7- 9 || total
-------------------------+-------+-------+-------++-------
Melee: Unarmed           |    72 |   143 |   132 ||   347
       Constrict         |    17 |    38 |    27 ||    82
       Tentacles         |    12 |    27 |    24 ||    63
       Kick              |     4 |    24 |    37 ||    65
       Punch             |     1 |     3 |     8 ||    12
Throw: Boomerang         |       |    16 |     9 ||    25
       Dart              |       |    16 |    18 ||    34
 Cast: Beastly Appendage |     6 |    26 |    19 ||    51
       Wereblood         |     2 |     6 |     8 ||    16
Evoke: Wand              |       |       |     1 ||     1
  Use: Scroll            |     3 |     6 |     7 ||    16
 Stab: Sleeping          |     6 |     9 |     4 ||    19
       Paralysed         |       |       |     1 ||     1
Armor: Skin              |     6 |     4 |     5 ||    15
Dodge: Dodged            |    47 |    62 |    65 ||   174
Block: Buckler           |       |       |    18 ||    18

Table legend: (Time is in decaauts)
 A = Elapsed time spent in this place.
 B = Non-inter-level travel time spent in this place.
 C = Inter-level travel time spent in this place.
 D = Time resting spent in this place.
 E = Time spent auto-exploring this place.
 F = Levels seen in this place.
 G = Mean time per level.
                   A        B        C        D        E       F      G
               +--------+--------+--------+--------+--------+-----+--------+
         Total |  12052 |  11330 |    722 |   4293 |   5782 |   9 | 1339.1 |
       Dungeon |  11876 |  11189 |    687 |   4293 |   5644 |   8 | 1484.5 |
        Temple |    175 |    140 |     35 |      0 |    138 |   1 |  175.0 |
               +--------+--------+--------+--------+--------+-----+--------+

Top non-repeatable levels by time:
     D:4: 2256 daAuts
     D:6: 2192 daAuts
     D:2: 2123 daAuts
     D:7: 2002 daAuts
     D:3: 1579 daAuts
     D:1: 885 daAuts
     D:5: 649 daAuts
     D:8: 187 daAuts
  Temple: 175 daAuts
